 Dungeon Crawl Stone Soup version 0.30-a0-634-g8abc85282e (webtiles) character file.

Game seed: 18373280459974509170

205 kae the Changer (level 5, -9/37 HPs)
             Began as a Demonspawn Transmuter on Jan 14, 2023.
             Mangled by a gnoll
             ... wielding a +2 heavy flail
              (18 damage)
             ... on level 3 of the Dungeon.
             The game lasted 00:04:05 (2607 turns).

kae the Changer (Demonspawn Transmuter)             Turns: 2607, Time: 00:04:06

Health: -9/37      AC:  2    Str: 10    XL:     5   Next: 52%
Magic:  2/9        EV: 19    Int: 17    God:
Gold:   129        SH:  0    Dex: 18    Spells: 4/10 levels left

rFire   . . .      SeeInvis .      - Unarmed
rCold   . . .      Faith    .    (shield currently unavailable)
rNeg    . . .      Spirit   .    (body armour currently unavailable)
rPois   x          Reflect  .    (helmet currently unavailable)
rElec   .          Harm     .    (cloak currently unavailable)
rCorr   .          Rampage  .    (gloves currently unavailable)
Will    .....                    (boots currently unavailable)
Stlth   ++                       (no amulet)
HPRegen 0.26/turn                (no ring)
MPRegen 0.11/turn                (no ring)

@: spider-form, wereblooded
A: venomous fangs, tiny, (antennae 2), powered by death 1
a: End Transformation


You were on level 3 of the Dungeon.
You were a venomous arachnid creature.
You visited 1 branch of the dungeon, and saw 4 of its levels.

You collected 255 gold pieces.
You spent 126 gold pieces at shops.


Innate Abilities, Weirdness & Mutations

You are a venomous arachnid creature.
You have venomous fangs.
You are tiny and dextrous.
Your spellcasting is less reliable in this form.
Your armour is entirely melded.
You are incapable of wielding weapons or throwing items.
((You have a pair of antennae on your head.))
You regenerate a little health from kills.


   Skills:
 - Level 1.0 Fighting
 - Level 1.7 Dodging
 + Level 3.5 Unarmed Combat
 + Level 3.0 Spellcasting
 * Level 3.7 Transmutations
 - Level 1.7 Poison Magic


You had 4 spell levels left.
You knew the following spells:

 Your Spells              Type           Power      Damage    Failure   Level
a - Beastly Appendage     Tmut           30%        N/A       12%         1
b - Wereblood             Tmut           15%        N/A       17%         2
c - Spider Form           Tmut/Pois      11%        N/A       36%         3

Your spell library contained the following spells:

 Spells                   Type           Power      Damage    Failure   Level
 Foxfire                  Conj/Fire      8%         2x1d4     36%         1
 Sublimation of Blood     Necr           2%         N/A       47%         2
 Inner Flame              Hex/Fire       2%         N/A       67%         3
 Ice Form                 Ice/Tmut       8%         N/A       82%         4
 Cause Fear               Hex            1%         N/A       95%         4
 Yara's Violent Unravell  Hex/Tmut       4%         3d4       98%         5
 Fireball                 Conj/Fire      1%         3d3       100%        5
 Starburst                Conj/Fire      1%         6d3       100%        6
 Enfeeble                 Hex            1%         N/A       100%        7
 Summon Hydra             Summ           1%         N/A       100%        7
 Discord                  Hex            1%         N/A       100%        8

Inventory:

Missiles
 c - 28 stones
 i - 2 datura-tipped darts
 k - 5 atropa-tipped darts
 p - 10 poisoned darts
Armour
 a - a +0 robe (melded)
Scrolls
 g - a scroll of fear
 h - a scroll of fog
 j - 4 scrolls of teleportation {@r4}
 o - 2 scrolls of silence {!r}
Potions
 b - 2 potions of lignification {!q}
 d - a potion of attraction {!q}
 e - 3 potions of ambrosia {unknown}
 f - 3 potions of curing {unknown}
 l - 2 potions of heal wounds {unknown}
 m - 2 potions of degeneration {!q}

Dungeon Overview and Level Annotations

Branches:
Dungeon (4/15) Zot: 21403
 Temple: D:4-7

Altars:

Shops:
D:3

? ###......# #..
#......# #..
##......# #..
#.......# ######..
#.......# #.......
#.......###.####.#
#.......+....#...#
####.......###..#..##
#...sg.....'.........
#..........#.#.......
#..........#.#...#..#
#....#######.#...#...
#....# #.###.####
#....# #.........
###### #.....#..#
#.###..... #.# #.#...


You could see a gnoll.


Message History

You take 3 damage, and now have 34/37 hp.
Your mp is fully restored (9).
You punch the goblin!
You kill the goblin!
No target in view! 😕 HP[+1] No target in view!
No target in view! 😎 HP[+2]
Your hp is fully restored (37).
There is a stone staircase leading up here.
A hobgoblin comes into view.
Found an escape hatch in the ceiling.
You see here a hobgoblin corpse.
There is a stone staircase leading up here.
Casting: Beastly Appendage (safe; 4% risk of failure)
Confirm with . or Enter, or press ? or * to list all spells.
You extend your transformation's duration.
The hobgoblin shouts! 😎 MP[-1]
You lost 1 mp, and now have 8/9 mp.
What are your orders? t - Shout!
Orders for allies: a - Attack new target. r - Retreat! s - Stop attacking. g - Guard the area. f - Follow me.
Anything else - Cancel.
You shout for attention!
You hear a shout! x2
You hit the hobgoblin but do no damage. Your kick misses the hobgoblin.
The hobgoblin misses you.
You hit the hobgoblin but do no damage.
Your transformation is almost over.
The hobgoblin hits you but does no damage.
You hit the hobgoblin. The hobgoblin hits you. 😕 HP[-3] MP[+1]
You take 3 damage, and now have 34/37 hp.
Your mp is fully restored (9).
You closely miss the hobgoblin.
A gnoll comes into view. It is wielding a +0 whip.
The hobgoblin misses you.
The gnoll shouts!
You hit the hobgoblin.
You kill the hobgoblin! 😕 HP[+1] Unknown command.
Casting: Beastly Appendage (safe; 3% risk of failure)
Confirm with . or Enter, or press ? or * to list all spells.
The spell is quite dangerous to miscast (17% risk of failure)!
Continue anyway? [Y]es or [N]o only, please.
The spell is quite dangerous to miscast (17% risk of failure)!
Continue anyway?
Your talons disappear.
You turn into a venomous arachnid creature.
Your +0 robe melds into your body.
Your transformation is almost over. 😕 HP[+1] MP[-3]
You lost 3 mp, and now have 6/9 mp.
Casting: Spider Form (quite dangerous; 36% risk of failure)
Confirm with . or Enter, or press ? or * to list all spells.
Your blood is infused with primal strength. 😎 HP[+1] MP[-2]
Your hp is fully restored (37).
You lost 2 mp, and now have 4/9 mp.
You completely miss the gnoll. The gnoll barely misses you.
A gnoll comes into view. It is wielding a +0 spear.
The gnoll shouts!
You hit the gnoll. The gnoll misses you.
You hit the gnoll.
The gnoll is poisoned.
The gnoll barely misses you.
You bite the gnoll!
You kill the gnoll!
Your Spellcasting skill increases to level 3! 😎 MP[+1]
Your transformation has ended.
Your +0 robe unmelds from your body.
You howl as the wereblood boils in your veins!
You closely miss the gnoll.
The gnoll hits you from afar with a +0 spear.
The gnoll hits you with a +2 heavy flail!!
* * * LOW HITPOINT WARNING * * *
😨 HP[-23]
You take 23 damage, and now have 14/37 hp.
MASSIVE DAMAGE!! (PAUSE)
You howl as the wereblood boils in your veins!
The gnoll hits you from afar with a +0 spear.
* * * LOW HITPOINT WARNING * * *
You climb upwards.
There is a stone staircase leading down here. 😱 HP[-5]
You take 5 damage, and now have 9/37 hp.
Casting: Wereblood (safe; 6% risk of failure)
Confirm with . or Enter, or press ? or * to list all spells.
The spell is quite dangerous to miscast (17% risk of failure)!
Continue anyway? [Y]es or [N]o only, please.
The spell is quite dangerous to miscast (17% risk of failure)!
Continue anyway?
You turn into a venomous arachnid creature.
Your +0 robe melds into your body.
The gnoll misses you. 😱 MP[-3]
You lost 3 mp, and now have 2/9 mp.
You barely miss the gnoll. You barely miss the gnoll.
The gnoll hits you with a +2 heavy flail!!
You die...

Skill      XL: |  1  2  3  4  5 |
---------------+----------------+-----
Transmutations | 2 3 |  3.7
Unarmed Combat | 3 |  3.5
Poison Magic   | 1 |  1.7
Spellcasting   | 3 |  3.0
Fighting       | |  1.0
Dodging        | |  1.7

Action                   |  1- 3 |  4- 6 || total
-------------------------+-------+-------++-------
Melee: Unarmed           |   144 |    75 ||   219
       Kick              |    27 |     5 ||    32
       Headbutt          |     4 |       ||     4
       Punch             |     2 |     1 ||     3
 Cast: Beastly Appendage |    24 |     8 ||    32
       Wereblood         |     1 |     3 ||     4
       Spider Form       |     3 |     7 ||    10
  Use: Scroll            |     6 |     1 ||     7
 Stab: Sleeping          |     1 |       ||     1
       Distracted        |       |     1 ||     1
Armor: Robe              |    15 |     5 ||    20
       Skin              |       |     1 ||     1
Dodge: Dodged            |    85 |    47 ||   132

Levels and vault maps discovered:
D:1:      saegor_arrival_simple_d, layout_rooms, minmay_fountain_box
D:2:      layout_loops_ring, basic_altar
D:3:      minmay_octagon_keep, layout_basic, serial_shops, shop, st_stairs_8
D:4:      layout_gridville, nicolae_dithmenos_through_a_glass_darkly,
          makhleb_heckhound_becter, uniq_eustachio, uniq_crazy_yiuf_cottage,
          uniq_natasha

Notes
Turn   | Place    | Note
-------+----------+-------------------------------------------
     0 | D:1      | kae the Demonspawn Transmuter began the quest for the Orb.
     0 | D:1      | Reached XP level 1. HP: 15/15 MP: 3/3
     0 | D:1      | magus.rc [v1.11.3]
    50 | D:1      | Reached skill level 2 in Transmutations
    92 | D:1      | You pick up a book of Misfortune and begin reading...
    92 | D:1      | You add the spells Yara's Violent Unravelling and Enfeeble
                  | to your library.
   149 | D:1      | Gained mutation: You regenerate a little health from kills.
                  | [demonic ancestry]
   149 | D:1      | Reached XP level 2. HP: 16/21 MP: 3/5
   385 | D:1      | Reached skill level 3 in Unarmed Combat
   425 | D:1      | You pick up a book of Hexes and begin reading...
   425 | D:1      | You add the spells Inner Flame, Cause Fear and Discord to
                  | your library.
   505 | D:1      | You pick up a book of Fire and begin reading...
   505 | D:1      | You add the spells Foxfire, Fireball and Starburst to your
                  | library.
   709 | D:2      | Learned a level 2 spell: Wereblood
   719 | D:2      | Lost mutation: You have a pair of horns on your head.
                  | [demonic ancestry]
   719 | D:2      | Lost mutation: You have a pair of small horns on your head.
                  | [demonic ancestry]
   719 | D:2      | Gained mutation: You have a pair of small antennae on your
                  | head. [demonic ancestry]
   719 | D:2      | Reached XP level 3. HP: 16/26 MP: 2/6
   734 | D:2      | Learned a level 3 spell: Spider Form
  1545 | D:3      | Found Uhair's Magic Scroll Boutique.
  1563 | D:3      | Bought a scroll of teleportation for 42 gold pieces
  1563 | D:3      | Bought a scroll of fear for 56 gold pieces
  1563 | D:3      | Bought a scroll of identify for 28 gold pieces
  1586 | D:3      | Reached skill level 1 in Poison Magic
  1715 | D:3      | Reached XP level 4. HP: 32/32 MP: 4/7
  1935 | D:3      | You pick up a book of Blood and begin reading...
  1935 | D:3      | You add the spells Sublimation of Blood and Summon Hydra to
                  | your library.
  1987 | D:3      | Reached skill level 3 in Transmutations
  2051 | D:3      | Gained mutation: You have a pair of antennae on your head.
                  | [demonic ancestry]
  2051 | D:3      | Reached XP level 5. HP: 37/37 MP: 4/9
  2600 | D:4      | Reached skill level 3 in Spellcasting
  2603 | D:4      | HP: 8/37 [gnoll/+0 spear (6)]
  2607 | D:3      | Mangled by a gnoll

Vanquished Creatures
  A hound (D:3)
  An iguana (D:3)
  2 gnolls
  4 adders (D:3)
  4 worms
  5 dart slugs
  8 endoplasms
  2 giant cockroaches (D:1)
  6 goblins
  7 hobgoblins
  A quokka (D:2)
  6 ball pythons
  6 bats
  4 frilled lizards
  16 kobolds
  6 rats
79 creatures vanquished.

Table legend:
 A = Non-vault XP
 B = Vault XP
 C = Vault XP percentage of total XP
 D = Non-vault monster count
 E = Vault monster count
 F = Vault count percentage of total count
                 A         B        C        D         E       F
            +---------+---------+-------+---------+---------+-------
      Total |     190 |     103 |  35.2 |      66 |      13 |  16.5
            +---------+---------+-------+---------+---------+-------
        D:1 |      37 |       0 |   0.0 |      24 |       0 |   0.0
        D:2 |      39 |       0 |   0.0 |      19 |       0 |   0.0
        D:3 |      94 |     103 |  52.3 |      19 |      13 |  40.6
        D:4 |      20 |       0 |   0.0 |       4 |       0 |   0.0
            +---------+---------+-------+---------+---------+-------

Illustrated notes

Table legend:
 A = Kills in this place as a percentage of kills in entire the game.
 B = Kills by you in this place as a percentage of kills by you in the entire game.
 C = Kills by friends in this place as a percentage of kills by friends in the entire game.
 D = Other kills in this place as a percentage of other kills in the entire game.
 E = Experience gained in this place as a percentage of experience gained in the entire game.
 F = Experience gained in this place divided by the number of levels of this place that you have seen.
                   A       B       C       D       E      F
               +-------+-------+-------+-------+-------+----------------------
         Total | 100.0 | 100.0 |   N/A |   N/A | 100.0 |  73.2
       Dungeon | 100.0 | 100.0 |   N/A |   N/A | 100.0 |  73.2
               +-------+-------+-------+-------+-------+----------------------

Table legend: (Time is in decaauts)
 A = Elapsed time spent in this place.
 B = Non-inter-level travel time spent in this place.
 C = Inter-level travel time spent in this place.
 D = Time resting spent in this place.
 E = Time spent auto-exploring this place.
 F = Levels seen in this place.
 G = Mean time per level.
                   A        B        C        D        E       F      G
               +--------+--------+--------+--------+--------+-----+--------+
         Total |   2595 |   2570 |     25 |     58 |   1925 |   4 |  648.8 |
       Dungeon |   2595 |   2570 |     25 |     58 |   1925 |   4 |  648.8 |
               +--------+--------+--------+--------+--------+-----+--------+

Top non-repeatable levels by time:
     D:3: 1130 daAuts
     D:2: 800 daAuts
     D:1: 625 daAuts
     D:4: 38 daAuts
